 Dungeon Crawl Stone Soup version 0.30-a0-374-g95c0257040 (webtiles) character file.

Game seed: 3605536555345769389

105 flotson the Sneak (level 4, -7/36 HPs)
             Began as a Demonspawn Delver on Nov 25, 2022.
             Mangled by Crazy Yiuf
             ... wielding a +4 quarterstaff of chaos
              (11 damage)
             ... on level 2 of the Dungeon.
             The game lasted 00:04:10 (2555 turns).

flotson the Sneak (Demonspawn Delver)               Turns: 2555, Time: 00:04:10

Health: -7/36      AC: 11    Str: 14    XL:     4   Next: 53%
Magic:  4/4        EV: 11    Int: 12    God:
Gold:   207        SH:  0    Dex: 14    Spells: 3/3 levels left

rFire   . . .      SeeInvis .    a - +0 broad axe
rCold   . . .      Faith    .    v - orb {mayhem}
rNeg    . . .      Spirit   .    e - +0 ring mail
rPois   .          Reflect  .    (no helmet)
rElec   .          Harm     .    (no cloak)
rCorr   .          Rampage  .    (no gloves)
Will    .....                    (no boots)
Stlth   ++........               (no amulet)
HPRegen 0.26/turn                t - +4 ring of protection
MPRegen 0.09/turn                (no ring)

@: hasted, very quick
A: hooves 1, icy blue scales 1, powered by pain 1
a: no special abilities


You were on level 2 of the Dungeon.
You visited 1 branch of the dungeon, and saw 5 of its levels.

You collected 207 gold pieces.

Inventory:

Hand Weapons
 a - a +0 broad axe (weapon)
Missiles
 k - 12 poisoned darts (quivered)
 m - 4 datura-tipped darts
Armour
 e - a +0 ring mail (worn)
 v - an orb of mayhem (worn)
Jewellery
 t - a +4 ring of protection (left hand)
 w - the ring of Eschaq Jaku {rCorr MP+9 Str+6}
   (You found it on level 2 of the Dungeon)

   [ring of strength]

   Str:       It affects your strength (+6).
   MP:        It affects your magic capacity (+9).
   rCorr:     It protects you from acid and corrosion.
Wands
 g - a wand of digging (3)
Scrolls
 b - 6 scrolls of teleportation {unknown}
 c - a scroll of fog
 i - a scroll of silence {unknown}
 j - 5 scrolls of identify {unknown}
 o - a scroll of magic mapping
 p - a scroll of amnesia {unknown}
 q - a scroll of summoning {unknown}
Potions
 d - a potion of curing {unknown}
 f - a potion of haste
 h - a potion of magic {unknown}
 l - a potion of flight {unknown}
 n - 2 potions of might {unknown}
 r - a potion of heal wounds {unknown}
 s - a potion of degeneration {unknown}
 u - a potion of lignification {unknown}


   Skills:
 + Level 3.6 Fighting
 + Level 0.5(1.2) Axes
 - Level 1.7(1.8) Polearms
 + Level 0.9 Throwing
 + Level 1.5 Armour
 + Level 2.4 Dodging
 - Level 4.5 Stealth
 + Level 1.8 Evocations


You had 3 spell levels left.
You didn't know any spells.
Your spell library contained the following spells:

 Spells                   Type           Power      Damage    Failure   Level
 Beastly Appendage        Tmut           0%         N/A       56%         1
 Wereblood                Tmut           0%         N/A       71%         2
 Spider Form              Tmut/Pois      0%         N/A       90%         3


Dungeon Overview and Level Annotations

Branches:
Dungeon (5/15)
 Temple: D:4-7

Altars:
Okawaru

Annotations:
D:2 Crazy Yiuf
D:4 Duvessa
D:5 Sigmund


Innate Abilities, Weirdness & Mutations

You have large cloven feet.
You are partially covered in icy blue scales. (AC +2)
You sometimes gain a little power by taking damage.


Message History

Aim: Crazy Yiuf, wielding a +4 quarterstaff of chaos, wearing a +1 cloak and carrying a wand of flame (12) (lightly wounded, very poisoned, 63% to hit)
You throw a poisoned dart.
The poisoned dart closely misses Crazy Yiuf.
Crazy Yiuf laughs, "Ghoul!
Snower foot Orb Guardian."
Crazy Yiuf attacks as you move away!
Crazy Yiuf hits you with a +4 quarterstaff of chaos.
Crazy Yiuf burns you.
Crazy Yiuf zaps a wand.
The puff of flame hits you.
Throw: 13 darts (poison)
Press: ? - help, Q - select action, (/) - cycle Shift-Dir - straight line, f/p - Crazy Yiuf
Aim: Crazy Yiuf, wielding a +4 quarterstaff of chaos, wearing a +1 cloak and carrying a wand of flame (11) (lightly wounded, very poisoned, 63% to hit)
You throw a poisoned dart. The poisoned dart hits Crazy Yiuf.
Crazy Yiuf looks even sicker.
Crazy Yiuf is lightly wounded.
You closely miss Crazy Yiuf. You kick Crazy Yiuf.
Crazy Yiuf is moderately wounded.
Crazy Yiuf hits you with a +4 quarterstaff of chaos!
Crazy Yiuf freezes you. Crazy Yiuf barely misses you.
Crazy Yiuf attacks as you move away!
Crazy Yiuf hits you with a +4 quarterstaff of chaos!
* * * LOW HITPOINT WARNING * * *
Crazy Yiuf burns you.
* * * LOW HITPOINT WARNING * * *
Crazy Yiuf laughs, "Snurf bag illywillydillykilly!"
Crazy Yiuf attacks as you move away! Crazy Yiuf barely misses you.
Okay, then.
Unknown command.
You feel yourself speed up.
Crazy Yiuf hits you with a +4 quarterstaff of chaos.
* * * LOW HITPOINT WARNING * * *
You convulse.
* * * LOW HITPOINT WARNING * * *
Crazy Yiuf yells, "Shower tired senile!"
You hit Crazy Yiuf. Your kick misses Crazy Yiuf.
Crazy Yiuf is almost dead.
Crazy Yiuf says, "Scoff Hive ladder!"
Crazy Yiuf hits you but does no damage.
You hit Crazy Yiuf but do no damage.
Crazy Yiuf is almost dead.
Crazy Yiuf hits you with a +4 quarterstaff of chaos!
You die...

##### #....
##### #.##.
########...##
#.##.
#...........#
#.##.
#.#######..##
#.##.
#######.#.##
#....# #.##.
#..........#
♣....♣ #.##.
#.#####....#
♣.@.♣♣ #....
##.# #....#
♣♣g♣♣
###########
...# #....#
♣.♣♣ #.....#
# #### ###.##
♣♣.♣ #####.#
# #.# ♣.♣♣
#..##.# #
##'## ♣♣.♣
##.##.# #
##...# #(#
##.##.# # ###
##..<.# ...
#.....# ..#
##.....#
#...# ##.####
##


You could see Crazy Yiuf (poisoned).

Vanquished Creatures
  2 adders
  A worm (D:2)
  A dart slug (D:1)
  5 orcs (D:3)
  5 bats
  4 endoplasms
  2 giant cockroaches (D:1)
  7 goblins
  5 hobgoblins
  6 jackals
  3 quokkas
  8 ball pythons
  3 frilled lizards
  12 kobolds
  5 rats
69 creatures vanquished.

Notes
Turn   | Place    | Note
-------+----------+-------------------------------------------
     0 | D:5      | flotson the Demonspawn Delver began the quest for the Orb.
     0 | D:5      | Reached XP level 1. HP: 18/18 MP: 1/1
    41 | D:5      | Noticed Sigmund
    64 | D:4      | Noticed Duvessa
    79 | D:4      | Found an iron altar of Okawaru.
   278 | D:3      | Gained mutation: You sometimes gain a little power by
                  | taking damage. [demonic ancestry]
   278 | D:3      | Reached XP level 2. HP: 20/24 MP: 2/2
   356 | D:3      | Reached skill level 1 in Evocations
   436 | D:3      | Reached skill level 1 in Armour
   448 | D:3      | Gained mutation: You are partially covered in icy blue
                  | scales. (AC +2) [demonic ancestry]
   448 | D:3      | Reached XP level 3. HP: 29/29 MP: 3/3
  1128 | D:1      | Gained mutation: You have large cloven feet. [demonic
                  | ancestry]
  1128 | D:1      | Reached XP level 4. HP: 34/35 MP: 4/4
  1405 | D:1      | Found a faded altar of an unknown god.
  2031 | D:2      | Found a runed translucent door.
  2032 | D:2      | Noticed Crazy Yiuf
  2422 | D:2      | Identified the ring of Eschaq Jaku {rCorr MP+9 Str+6}
  2555 | D:2      | Mangled by Crazy Yiuf

Illustrated notes

Levels and vault maps discovered:
D:1:      dpeg_arrival_subterranean_lakeside_camping, layout_basic,
          ebering_ecumenical_altar_abandoned
D:2:      layout_loops_corners, minivault_23, uniq_crazy_yiuf_cottage
D:3:      minmay_recursive_quarters, layout_rooms, nicolae_gozag_seed_capital,
          st_stairs_8
D:4:      layout_cave_pools, kiku_gazebo_pond_becter,
          mainiacjoe_overflow_tiny_flanked, serial_shops, shop,
          kennysheep_generic_room_10, uniq_grinder, uniq_duvessa
D:5:      layout_loops_ring, nicolae_yredelemnul_corpse_copse,
          chequers_serial_rivers_micro_b, uniq_sigmund

Skill      XL: |  1  2 |
---------------+-------+-----
Dodging        | 2 |  2.4
Evocations     | 1 |  1.8
Armour         | 1 |  1.5
Fighting       | |  3.6
Axes           | |  0.5
Polearms       | |  1.7
Throwing       | |  0.9
Stealth        | |  4.5

Action                   |  1- 3 |  4- 6 || total
-------------------------+-------+-------++-------
Melee: Dagger            |    46 |       ||    46
       Spear             |     4 |       ||     4
       Broad axe         |    50 |    58 ||   108
       Punch             |     1 |       ||     1
       Kick              |       |    13 ||    13
Throw: Dart              |       |     5 ||     5
  Use: Scroll            |     2 |       ||     2
       Potion            |       |     1 ||     1
 Stab: Sleeping          |     4 |     9 ||    13
Armor: Ring mail         |    46 |    24 ||    70
Dodge: Dodged            |    81 |    28 ||   109

Table legend: (Time is in decaauts)
 A = Elapsed time spent in this place.
 B = Non-inter-level travel time spent in this place.
 C = Inter-level travel time spent in this place.
 D = Time resting spent in this place.
 E = Time spent auto-exploring this place.
 F = Levels seen in this place.
 G = Mean time per level.
                   A        B        C        D        E       F      G
               +--------+--------+--------+--------+--------+-----+--------+
         Total |   2609 |   2579 |     30 |      0 |   1969 |   5 |  521.8 |
       Dungeon |   2609 |   2579 |     30 |      0 |   1969 |   5 |  521.8 |
               +--------+--------+--------+--------+--------+-----+--------+

Top non-repeatable levels by time:
     D:1: 1017 daAuts
     D:2: 987 daAuts
     D:3: 503 daAuts
     D:5: 64 daAuts
     D:4: 37 daAuts
